 Dungeon Crawl Stone Soup version 0.18-a0-1718-g40ea4b6 (webtiles) character file.

73 grisnicke the Ruffian (level 4, 0/39 HPs)
             Began as a Minotaur Monk on Apr 8, 2016.
             Slain by an iron imp (8 damage)
             ... summoned by Natasha
             ... on level 2 of the Dungeon.
             The game lasted 00:08:04 (1646 turns).

grisnicke the Ruffian (Minotaur Monk)               Turns: 1646, Time: 00:08:05

Health: 0/39       AC:  5    Str: 15    XL:     4   Next: 8%
Magic:  3/3        EV: 13    Int:  7    God:
Gold:   47         SH:  0    Dex: 14    Spells: 0 memorised, 3 levels left

rFire  . . .     SeeInvis .       - Unarmed
rCold  . . .     Gourm    .     h - +0 leather armour
rNeg   . . .     Faith    .     (no shield)
rPois  .         Spirit   .     (helmet restricted)
rElec  .         Dismiss  .     j - +1 cloak
rCorr  .         Reflect  .     (no gloves)
SustAt .         Harm     .     (no boots)
MR     .....                    i - amulet of regeneration {+regen, !d}
Stlth  ++........               (no ring)
                                (no ring)

@: not resistant to hostile enchantments, unstealthy
A: retaliatory headbutt, horns 2
a: no special abilities


You were on level 2 of the Dungeon.
You were not hungry.

You visited 1 branch of the dungeon, and saw 2 of its levels.

You collected 47 gold pieces.

Inventory:

Missiles
 c - 9 stones (quivered)
Armour
 a - a +0 robe
 h - a +0 leather armour (worn)
   (You found it on level 1 of the Dungeon)
 j - a +1 cloak (worn)
   (You found it on level 2 of the Dungeon)
 k - a cursed +0 chain mail
   (You found it on level 2 of the Dungeon)
Jewellery
 i - an amulet of regeneration (around neck) {+regen, !d}
   (You took it off a kobold on level 1 of the Dungeon)
Scrolls
 e - a scroll of amnesia {unknown}
 l - a scroll of immolation {unknown}
Potions
 d - a potion of brilliance {unknown}
 g - a potion of might
 n - a potion of ambrosia {unknown}
Comestibles
 b - 4 bread rations {@e1}
 f - a beef jerky


   Skills:
 - Level 3.6 Fighting
 - Level 3.2 Dodging
 - Level 1.5 Stealth
 + Level 6.2 Unarmed Combat


You had 3 spell levels left.
You didn't know any spells.

Dungeon Overview and Level Annotations

Branches:
Dungeon (2/15)

Altars:

Annotations:
D:2 Natasha


Innate Abilities, Weirdness & Mutations

You reflexively headbutt those who attack you in melee.
You have a pair of horns on your head.


Message History

The ball python closely misses you. x2
You punch the ball python!
You kill the ball python!
No target in view!
No target in view!
n - a sedimented blue potion
c - 11 stones (gained 1)
A dart slug comes into view.
You start waiting.
Aim: a dart slug (clinging)
You throw a stone.
The stone hits the dart slug but does no damage.
You start waiting.
The dart slug closely misses you.
You hit the dart slug. You punch the dart slug!
You kill the dart slug!
No target in view!
c - 11 stones (gained 1) Eating one of 2 chunks of flesh {@w0}.
You continue eating. x2
You now have 47 gold pieces (gained 2).
You see here a club.
Done exploring.
All of the chunks of flesh in your inventory have rotted away.
There is a stone staircase leading down here.
You climb downwards.
There is a stone staircase leading up here.
Natasha, Servant of Life and Death comes into view.
There is a stone staircase leading down here.
Aim: Natasha (hasn't noticed you)
You throw a stone.
Natasha hisses angrily.
The stone hits Natasha.
Aim: Natasha (lightly wounded)
You throw a stone. The stone hits Natasha.
You can't go up here!
Unknown command.
Natasha casts a spell at you. The magic dart hits you!
You take 4 damage, and have 35/39 hp.
There is an open door here.
As you close the door, it creaks loudly!
You start resting.
Natasha, Servant of Life and Death opens the door.
Natasha casts a spell.
There is an open door here.
You closely miss Natasha.
Natasha stares at you and mumbles some strange words.
The magic dart hits you!
You take 8 damage, and have 29/39 hp.
MASSIVE DAMAGE!!
You punch Natasha! Your headbutt misses Natasha.
Natasha mumbles some strange words.
You closely miss Natasha. Your headbutt misses Natasha. You punch Natasha.
Natasha claws you.
You take 2 damage, and have 27/39 hp.
You barely miss Natasha. The crimson imp closely misses you.
Natasha mewls in sadness.
Natasha drinks a potion.
Natasha is healed!
You hit Natasha but do no damage.
The crimson imp gestures.
The crimson imp blinks!
Natasha mumbles some strange words.
You hit Natasha. Natasha misses you. The iron imp hits you.
You take 2 damage, and have 26/39 hp.
You hit Natasha but do no damage. The crimson imp barely misses you.
You hit Natasha. Natasha misses you. The iron imp misses you.
The crimson imp hits you but does no damage.
You barely miss Natasha. Your headbutt misses Natasha.
Natasha claws you but does no damage. The iron imp hits you!
The crimson imp hits you.
You take 13 damage, and have 14/39 hp.
MASSIVE DAMAGE!!
You are too injured to fight recklessly!
Unknown command.
You hit Natasha but do no damage. Natasha misses you.
You hit Natasha but do no damage.
The crimson imp gestures.
The crimson imp blinks!
The iron imp closely misses you.
Natasha growls.
Natasha stares at you and mumbles some strange words.
The magic dart hits you!
You take 2 damage, and have 13/39 hp.
You closely miss Natasha. Your headbutt misses Natasha.
The crimson imp barely misses you. Natasha claws you. The iron imp hits you.
* * * LOW HITPOINT WARNING * * *
You take 5 damage, and have 8/39 hp.
Unknown command.
You barely miss Natasha. The crimson imp barely misses you.
Natasha barely misses you.
You closely miss Natasha. The iron imp hits you.
* * * LOW HITPOINT WARNING * * *
The crimson imp gestures.
The crimson imp blinks!
Natasha misses you.
You closely miss Natasha.
The iron imp picks up a beetle and eats it.
The iron imp hits you!
You die...

####..##
#.....(##########
#....(.##.......#
#......##.......#
#......##.......#
#......##.......#
####[..##.......#
#########
#..h##.......#
#.....).#
#.>5@5.......#
#.......#
#..ยง##.#######
#.......# #.........#
#.......# #5........#
#.......####.........#
#....................#
#######.####.........#
#.# #...####### #.#
#####


You could see an iron imp, Natasha and 2 crimson imps.

Vanquished Creatures
  Natasha (D:2)
  A gnoll (D:1)
  2 dart slugs (D:1)
  A bat (D:1)
  A giant cockroach (D:1)
  3 goblins (D:1)
  3 hobgoblins (D:1)
  6 jackals (D:1)
  A ball python (D:1)
  2 giant newts (D:1)
  6 kobolds (D:1)
  6 rats
33 creatures vanquished.

Notes
Turn   | Place    | Note
--------------------------------------------------------------
     0 | D:1      | grisnicke the Minotaur Monk began the quest for the Orb.
     0 | D:1      | Reached XP level 1. HP: 19/19 MP: 0/0
   213 | D:1      | HP: 1/19 [gnoll/halberd (6)]
   662 | D:2      | Noticed Natasha
   676 | D:2      | Noticed a crimson imp
   676 | D:2      | Killed Natasha
   676 | D:2      | Reached skill level 5 in Unarmed Combat
   676 | D:2      | Reached XP level 2. HP: 26/26 MP: 1/1
   676 | D:2      | Reached XP level 3. HP: 31/31 MP: 2/2
  1128 | D:1      | Reached skill level 6 in Unarmed Combat
  1281 | D:1      | Reached XP level 4. HP: 37/39 MP: 3/3
  1624 | D:2      | Noticed Natasha
  1643 | D:2      | HP: 8/39 [iron imp[Natasha] (4)]
  1646 | D:2      | Slain by an iron imp

Vault maps used:
D:1:      tarquinn_simple_flora_water_f, minmay_surrounded
D:2:      first_bread, uniq_natasha

Skill      XL: |  1  2  3 |
---------------+----------+-----
Unarmed Combat | 5 6 |  6.2
Fighting       | |  3.6
Dodging        | |  3.2
Stealth        | |  1.5

Action                   |  1- 3 |  4- 6 || total
-------------------------+-------+-------++-------
Melee: Unarmed           |    61 |    23 ||    84
Throw: Stone             |    11 |     4 ||    15
  Use: Scroll            |     3 |       ||     3
       Potion            |     1 |       ||     1
 Stab: Sleeping          |     1 |       ||     1
  Eat: Chunk             |     1 |     1 ||     2

Vault maps used:
D:1:      tarquinn_simple_flora_water_f, minmay_surrounded
D:2:      first_bread, uniq_natasha

Table legend:
 A = Turns spent in this place as a percentage of turns spent in the entire game.
 B = Non-inter-level travel turns spent in this place as a percentage of non-inter-level travel turns spent in the entire game.
 C = Inter-level travel turns spent in this place as a percentage of turns spent in this place.
 D = Turns resting spent in this place as a percentage of non-inter-level travel turns spent in this place.
 E = Turns spent auto-exploring this place as a percentage of non-inter-level travel turns spent in this place.
 F = Non-inter-level travel turns spent in this place divided by the number of levels of this place that you've seen.
                   A       B       C       D       E      F
               +-------+-------+-------+-------+-------+----------------------
         Total | 100.0 | 100.0 |   0.2 |   2.3 |   3.6 | 302.5
       Dungeon | 100.0 | 100.0 |   0.2 |   2.3 |   3.6 | 302.5
               +-------+-------+-------+-------+-------+----------------------

Table legend:
 A = Kills in this place as a percentage of kills in entire the game.
 B = Kills by you in this place as a percentage of kills by you in the entire game.
 C = Kills by friends in this place as a percentage of kills by friends in the entire game.
 D = Other kills in this place as a percentage of other kills in the entire game.
 E = Experience gained in this place as a percentage of experience gained in the entire game.
 F = Experience gained in this place divided by the number of levels of this place that you have seen.
                   A       B       C       D       E      F
               +-------+-------+-------+-------+-------+----------------------
         Total | 100.0 | 100.0 |  -nan |  -nan | 100.0 |  52.5
       Dungeon | 100.0 | 100.0 |  -nan |  -nan | 100.0 |  52.5
               +-------+-------+-------+-------+-------+----------------------
